 Dungeon Crawl Stone Soup version 0.18-a0-1481-g708b138 (webtiles) character file.

168 mrath the Magician (level 5, -2/45 HPs)
             Began as a Troll Wizard on Mar 3, 2016.
             Killed from afar by an orc wizard (8 damage)
             ... with a magic dart
             ... on level 3 of the Dungeon.
             The game lasted 00:16:30 (2521 turns).

mrath the Magician (Troll Wizard)                   Turns: 2521, Time: 00:16:30

Health: -2/45      AC:  5    Str: 15    XL:     5   Next: 24%
Magic:  9/9        EV:  9    Int: 15    God:
Gold:   180        SH:  0    Dex:  8    Spells: 1 memorised, 9 levels left

rFire  . . .     SeeInvis .     (no weapon)
rCold  . . .     Gourm    +     a - +0 robe
rNeg   . . .     Faith    .     (no shield)
rPois  .         Spirit   .     b - +0 hat
rElec  .         Dismiss  .     (no cloak)
rCorr  .         Reflect  .     (gloves unavailable)
SustAt .         Harm     .     (boots unavailable)
MR     .....                    (no amulet)
Stlth  +.........               (no ring)
                                (no ring)

@: not resistant to hostile enchantments, very unstealthy
A: unfitting armour, claws 3, fast metabolism 3, gourmand, regeneration 2,
shaggy fur 1, tough skin 2
a: no special abilities


You were on level 3 of the Dungeon.
You were very full.

You visited 1 branch of the dungeon, and saw 4 of its levels.

You collected 180 gold pieces.

Inventory:

Hand Weapons
 i - a cursed -2 short sword
 k - a cursed -3 battleaxe
 r - a +3 club
 t - a +0 hunting sling
 z - a +0 long sword
Missiles
 o - 114 stones
 v - 7 javelins (quivered)
Armour
 a - a +0 robe (worn)
 b - a +0 hat (worn)
Jewellery
 q - a cursed ring of teleportation {unknown}
Wands
 x - a wand of random effects (39/48)
Scrolls
 f - 2 scrolls of enchant armour {unknown}
 h - 2 scrolls of remove curse {unknown}
 j - 2 scrolls of identify {unknown}
 m - a scroll of teleportation {unknown}
 n - 4 scrolls of recharging {unknown}
 p - a scroll of enchant weapon {unknown}
 y - a scroll of noise {unknown}
 A - a scroll of immolation {unknown}
 C - a scroll of blinking {unknown}
Potions
 e - 2 potions of agility {unknown}
 l - 2 potions of might {unknown}
 u - a potion of curing {unknown}
 D - a potion of degeneration {unknown}
 E - a potion of invisibility {unknown}
Books
 c - a book of Minor Magic

   Spells                             Type                      Level
   a - Magic Dart                     Conjuration                  1
   b - Blink                          Translocation                2
   c - Call Imp                       Summoning                    2
   d - Repel Missiles                 Charms/Air                   2
   e - Slow                           Hexes                        2
   f - Conjure Flame                  Conjuration/Fire             3
   g - Mephitic Cloud                 Conjuration/Poison/Air       3
Comestibles
 d - 4 bread rations
 g - 3 slices of pizza
 s - 5 fruits
 w - 2 meat rations


   Skills:
 - Level 1.5 Dodging
 - Level 1.1 Stealth
 * Level 3.3 Spellcasting
 + Level 2.0 Conjurations
   Level 0.6 Summonings
   Level 0.6 Translocations


You had 9 spell levels left.
You knew the following spells:

 Your Spells              Type           Power        Failure   Level  Hunger
a - Magic Dart            Conj           #...         12%         1    None


Dungeon Overview and Level Annotations

Branches:
Dungeon (4/15)
 Temple: D:4-7

Altars:
Gozag
Trog
Xom
Yredelemnul

Annotations:
D:3 mrath's ghost, amateur TrWz


Innate Abilities, Weirdness & Mutations

You are too large for most types of armour.
You have claws for hands.
Your metabolism is lightning-fast.
You like to eat raw meat.
You heal very quickly.
You are covered in fur (AC +1).
You have very tough skin (AC +2).


Message History

There is a stone staircase leading down here.
You claw the orc wizard!
The orc wizard is heavily wounded.
The orc wizard hits you with a dagger.
* * * LOW HITPOINT WARNING * * *
You closely miss the orc wizard.
The orc wizard is heavily wounded.
The orc wizard hits you with a dagger.
* * * LOW HITPOINT WARNING * * *
The orc wizard hits you with a dagger.
* * * LOW HITPOINT WARNING * * *
You closely miss the orc wizard.
The orc wizard is heavily wounded.
The orc wizard hits you but does no damage.
You barely miss the orc wizard.
The orc wizard is heavily wounded.
The orc wizard looks braver for a moment.
The orc wizard points at you and mumbles some strange words.
The magic dart hits you!
You die...

.# ####.## #.......# .# #.....#
###...### .###### #.##..#####
#...# ......#
#.#.......####..)########
......###.#...#.................#
#.........#......................
#.....#####.##....>.......W.....#
#b....# ###.##.##.###.....#####..
#########.......@o# #<###.# #.#
#.###.#.#### #.# #.# #.# ####.#
#...# #.###.# #.#
#####....###.###### #.....# #.#
#.....#.....###...# ##...## #.#
#.#.#....#.####.#.####...# #..
..#.##.....##...#...###.### ###
###.####.####.#####.......# ###
#.####.# #...#.......#.# #..


You could see an orc wizard.

Vanquished Creatures
  A worker ant (D:4)
  Ijyb (D:2)
  Robin (D:1)
  2 adders (D:3)
  An ooze (D:3)
  3 dart slugs
  A giant gecko (D:1)
  An orc (D:3)
  5 bats
  A giant cockroach (D:3)
  16 goblins
  8 hobgoblins
  11 jackals
  9 kobolds
  2 quokkas (D:3)
  2 ball pythons (D:1)
  2 giant newts
  8 rats
75 creatures vanquished.

Vanquished Creatures (others)
  An orc wizard (D:4)
1 creature vanquished.

Grand Total: 76 creatures vanquished

Notes
Turn   | Place    | Note
--------------------------------------------------------------
     0 | D:1      | mrath the Troll Wizard began the quest for the Orb.
     0 | D:1      | Reached XP level 1. HP: 16/16 MP: 2/2
    92 | D:1      | Reached skill level 1 in Conjurations
   118 | D:1      | Reached XP level 2. HP: 24/24 MP: 4/4
   453 | D:1      | Reached XP level 3. HP: 31/31 MP: 5/5
   585 | D:2      | Noticed Ijyb
   601 | D:2      | Killed Ijyb
   635 | D:2      | Noticed Robin
   648 | D:1      | Killed Robin
   648 | D:1      | Reached XP level 4. HP: 37/39 MP: 7/7
  1029 | D:2      | Reached skill level 3 in Spellcasting
  1198 | D:2      | Found a bloodstained altar of Trog.
  1202 | D:2      | Found an opulent altar of Gozag.
  1384 | D:3      | Found a faded altar to an unknown god.
  1574 | D:3      | Found a shimmering altar of Xom.
  1798 | D:3      | Noticed mrath's ghost (amateur TrWz)
  2034 | D:3      | Found a basalt altar of Yredelemnul.
  2114 | D:3      | Reached XP level 5. HP: 30/45 MP: 8/8
  2521 | D:3      | Killed from afar by an orc wizard

Vault maps used:
D:1:      minmay_arrival_three_doors, grunt_decor_arrowhead
D:2:      minitemple, uniq_iyjb, uniq_robin
D:3:      lemuel_round_altar, xom_butterflies, ecumenical_altar_2
D:4:      serial_glass, glass_columns_b, glass_columns_a, glass_columns_b,
          glass_columns_b, glass_columns_c, glass_columns_b,
          due_unseen_surprise, item_on_display_a, minmay_strange_pillars,
          grunt_pakellas_sulfur

Skill      XL: |  1  2  3  4  5 |
---------------+----------------+-----
Conjurations   | 1 2 |  2.0
Spellcasting   | 3 |  3.3
Dodging        | |  1.5
Stealth        | |  1.1
Summonings     | |  0.6
Translocations | |  0.6

Action                   |  1- 3 |  4- 6 || total
-------------------------+-------+-------++-------
Melee: Unarmed           |   104 |   163 ||   267
Throw: Javelin           |       |     2 ||     2
 Cast: Magic Dart        |       |     2 ||     2
  Eat: Chunk             |    10 |    18 ||    28
